 Dungeon Crawl Stone Soup version 0.31.0-11-ge490571c62 (webtiles) character file.

Game seed: 890794932272002671

11410 Zeor the Skirmisher (level 11, 0/90 (95) HPs)
             Began as a Green Draconian Hunter on Jan 26, 2024.
             Was a Priest of Ru.
             Slain by a death yak (12 damage)
             ... on level 1 of the Lair of Beasts.
             The game lasted 00:39:34 (9021 turns).

Zeor the Skirmisher (Green Draconian Hunter)        Turns: 9021, Time: 00:39:35

HP:   0/90 (95)     AC:  8    Str: 15    XL:     11   Next: 48%
MP:   23/23         EV: 15    Int:  9    God:    Ru [***...]
Gold: 439           SH:  0    Dex: 16    Spells: 24/26 levels left

rFire   . . .        a - +0 orcbow
rCold   x . .        (shield currently unavailable)
rNeg    . . .        (body armour unavailable)
rPois   +            (helmet restricted)
rElec   .            (no cloak)
rCorr   .            (no gloves)
SInv    .            c - +0 pair of boots
Will    .....        (no amulet)
Stlth   ++           x - ring of protection from fire
HPRegen 0.35/turn    p - ring of flight
MPRegen 0.18/turn

%: no passive effects
@: exhausted, about to teleport, short of breath, flying, studying 2 skills,
drained
A: breathe noxious fumes, AC +7, unfitting armour, clumsy 1, poison resistance,
cold-blooded, no earth magic, no hexes magic, no translocations magic,
temperature sensitive
a: Breathe Noxious Fumes, Renounce Religion, Draw Out Power


You were on level 1 of the Lair of Beasts.
You worshipped Ru.
Ru was most pleased with you.
You visited 2 branches of the dungeon, and saw 9 of its levels.
You also visited: Bailey.

You collected 439 gold pieces.

Inventory:

Hand Weapons
 a - a +0 orcbow (weapon)
 d - a +1 shortbow of freezing
 e - a +0 quarterstaff of holy wrath
 n - a +0 arbalest
 s - a +0 quarterstaff of draining
 v - a +3 trident of draining
 w - a +0 antimagic battleaxe
Missiles
 D - 2 throwing nets
Armour
 c - a +0 pair of boots (worn)
Jewellery
 p - a ring of flight (right hand)
 t - a ring of see invisible
 x - a ring of protection from fire (left hand)
Talismans
 h - a granite talisman
 l - a beast talisman
Wands
 A - a wand of digging (2)
 E - a wand of quicksilver (6)
Scrolls
 b - a scroll of butterflies
 q - 2 scrolls of amnesia
 r - a scroll of enchant weapon
Potions
 f - 5 potions of curing
 i - a potion of mutation
 j - 2 potions of attraction
 k - a potion of cancellation {unknown}
 m - 2 potions of lignification
 o - 2 potions of enlightenment
 u - 6 potions of heal wounds {unknown}
 z - a potion of haste {unknown}
 B - 2 potions of resistance {unknown}
 C - a potion of invisibility {unknown}


   Skills:
 + Level 8.4 Fighting
 + Level 14.6 Ranged Weapons
 * Level 6.6 Dodging
 + Level 2.5 Stealth
 + Level 1.2 Unarmed Combat
 * Level 8.0 Spellcasting
 * Level 5.7 Alchemy


You had 24 spell levels left.
You knew the following spells:

 Your Spells              Type           Power      Damage    Failure   Level
r - Cigotuvi's Dreadful   Necr/Alch/Air  14%        N/A       13%         2

Your spell library contained the following spells:

 Spells                   Type           Power      Damage    Failure   Level
 Call Canine Familiar     Summ           3%         N/A       47%         3
 Fugue of the Fallen      Necr           3%         N/A       47%         3
 Dispel Undead            Necr           3%         3d7       87%         4
 Martyr's Knell           Necr/Summ      3%         N/A       87%         4
 Death Channel            Necr           1%         N/A       100%        6
 Ensorcelled Hibernation  Hex/Ice        Unusable   N/A       N/A         2
 Sigil of Binding         Hex            Unusable   N/A       N/A         3
 Anguish                  Hex/Necr       Unusable   N/A       N/A         4
 Dimensional Bullseye     Hex/Tloc       Unusable   N/A       N/A         4

Dungeon Overview and Level Annotations

Branches:
Dungeon (8/15)             Temple (0/1) D:6            Lair (1/5) D:8
 Bailey (visited)

Altars:
Cheibriados
Fedhas
Gozag
Ru
Wu Jian

Shops:
D:8 [


Innate Abilities, Weirdness & Mutations

You can breathe blasts of noxious fumes.
Your lurid green scales are hard. (AC +7)
You cannot fit into any form of body armour.
You are clumsy. (Dex -2)
Your system is resistant to poisons. (rPois)
You are cold-blooded and may be slowed by cold attacks.
You cannot study or cast Earth magic.
You cannot study or cast Hexes magic.
You cannot study or cast Translocations magic.
You are sensitive to extremes of temperature. (rF-, rC-)


Message History

The death yak is heavily wounded.
The death yak gores you!
You shoot an arrow.
The arrow hits the death yak but does no damage.
The death yak is heavily wounded.
The death yak gores you!!
You shoot an arrow.
The arrow hits the death yak but does no damage.
The death yak is heavily wounded.
The death yak barely misses you.
You shoot an arrow. The arrow barely misses the death yak.
You shoot an arrow.
The arrow hits the death yak but does no damage.
The death yak is heavily wounded.
The death yak gores you!
* * * LOW HITPOINT WARNING * * *
You are restored by drawing out deep reserves of power within.
You feel drained. The death yak misses you.
You shoot an arrow. The arrow hits the death yak.
The death yak is heavily wounded.
The death yak is stunned by your conviction and fails to attack.
You shoot an arrow. The arrow hits the death yak!
The death yak is severely wounded.
The death yak barely misses you.
You shoot an arrow.
The arrow hits the death yak but does no damage.
The death yak is severely wounded.
The death yak gores you!
You shoot an arrow. The arrow barely misses the death yak.
You shoot an arrow. The arrow hits the death yak.
The death yak is severely wounded.
The death yak gores you!
* * * LOW HITPOINT WARNING * * *
As you read the scroll of teleportation, it crumbles to dust.
You feel strangely unstable. The death yak completely misses you.
You shoot an arrow. The arrow barely misses the death yak.
The death yak gores you!
* * * LOW HITPOINT WARNING * * *
You feel better. The death yak gores you!
You die...

▒▒▒ ▒▒∙∙∙∙∙∙∙∙▒ ▒▒▒
▒∙∙∙∙∙∙∙∙▒▒ ▒▒∙▒
▒▒∙∙∙∙∙∙∙∙▒ ▒▒▒▒▒∙▒∙
▒∙∙∙∙∙∙∙∙▒ ▒∙∙∙∙∙÷∙
▒▒∙∙∙∙∙∙∙∙▒▒ ▒∙∙∙∙∙†∙
▒∙∙∙∙∙∙∙∙∙∙▒ ▒∙∙∙∙∙∙∙
▒▒∙∙∙∙∙∙∙∙∙▒▒ ▒∙∙∙∙▒∙)
▒∙∙∙∙∙∙∙∙∙∙▒ ▒▒∙∙▒∙∙∙∙
▒∙∙∙∙∙d∙∙∙∙▒ ▒∙∙∙▒▒∙∙†∙
▒▒∙∙∙∙∙Y∙<∙∙▒▒▒▒∙∙▒∙∙▒∙∙
▒∙∙∙∙∙∙∙∙∙∙∙∙▒ ▒∙▒▒∙▒▒∙∙
▒∙∙∙∙∙∙∙∙∙∙∙▒▒ ▒∙▒∙∙∙∙∙∙
▒∙∙∙∙∙∙∙∙∙∙▒∙▒▒▒▒∙∙∙∙∙∙∙
▒∙∙∙∙∙∙∙∙∙▒▒∙8∙▒▒∙∙∙▒∙8∙
▒∙▒▒∙∙∙∙∙∙∙∙∙∙∙∙†∙∙▒∙∙∙∙
▒▒ ▒▒∙∙∙∙∙▒8∙>∙∙■∙∙∙∙∙∙>
▒∙∙▒∙∙∙∙∙∙∙∙▒∙∙∙∙∙∙∙


You could see a death yak.

Vanquished Creatures
  2 vault guards (Bailey)
  Urug (Lair:1)
  2 death yaks (D:8)
  A meliai (shapeshifter) (D:8)
  Joseph (D:7)
  A cane toad (Lair:1)
  A rime drake (Lair:1)
  Jeremiah (D:7)
  2 komodo dragons (Lair:1)
  Prince Ribbit (Bailey)
  3 blink frogs (Lair:1)
  8 humans (Bailey)
  4 yaks (Lair:1)
  A steam dragon (D:7)
  An acid dragon (D:8)
  11 water moccasins
  Duvessa (D:7)
  An orc warrior (D:7)
  An ice beast (D:5)
  A sky beast (D:7)
  A black bear (D:7)
  An ogre (D:5)
  A centaur (D:8)
  A phantom (D:6)
  13 bullfrogs
  Dowan (D:7)
  A howler monkey (D:7)
  2 electric eels
  2 bombardier beetles (D:5)
  5 hounds
  A gnoll bouda (D:5)
  2 iguanas
  2 sleepcaps
  2 hell rats (D:8)
  16 adders
  4 gnolls
  A river rat (D:8)
  A shadow imp (D:5)
  2 white imps
  2 ufetubi (D:7)
  A dart slug (D:3)
  4 ribbon worms
  16 orcs
  6 ball pythons
  7 bats
  6 endoplasms
  5 giant cockroaches (D:1)
  13 goblins
  8 hobgoblins
  5 quokkas
  3 frilled lizards (D:1)
  3 kobolds
  7 rats
190 creatures vanquished.

Vanquished Creatures (collateral kills)
  A komodo dragon (Lair:1)
1 creature vanquished.

Grand Total: 191 creatures vanquished

Notes
Turn   | Place    | Note
-------+----------+-------------------------------------------
     0 | D:1      | Zeor the Draconian Hunter began the quest for the Orb.
     0 | D:1      | Reached XP level 1. HP: 17/17 MP: 1/1
   135 | D:1      | Reached skill level 4 in Ranged Weapons
   135 | D:1      | Reached XP level 2. HP: 24/24 MP: 2/2
   385 | D:1      | Reached XP level 3. HP: 30/30 MP: 3/3
   512 | D:1      | Found a faded altar of an unknown god.
  1396 | D:2      | Reached skill level 1 in Stealth
  1743 | D:3      | Reached XP level 4. HP: 37/37 MP: 4/4
  1769 | D:3      | Found a sacrificial altar of Ru.
  1769 | D:3      | Found a snail-covered altar of Cheibriados.
  1778 | D:3      | Became a worshipper of Ru the Awakened
  1856 | D:3      | Found a blossoming altar of Fedhas.
  2381 | D:4      | Noticed a water moccasin
  2392 | D:4      | Killed a water moccasin
  2393 | D:4      | Reached skill level 5 in Ranged Weapons
  2393 | D:4      | Reached XP level 5. HP: 19/45 MP: 5/5
  3049 | D:4      | Gained mutation: You cannot study or cast Earth magic. [Ru
                  | sacrifice]
  3049 | D:4      | Gained mutation: You cannot study or cast Hexes magic. [Ru
                  | sacrifice]
  3049 | D:4      | Gained mutation: You cannot study or cast Translocations
                  | magic. [Ru sacrifice]
  3049 | D:4      | Reached * piety under Ru
  3098 | D:5      | Entered Level 5 of the Dungeon
  3108 | D:5      | Noticed an ice beast
  3124 | D:5      | Reached XP level 6. HP: 42/51 MP: 6/6
  3141 | D:5      | Killed an ice beast
  3659 | D:5      | Reached skill level 6 in Ranged Weapons
  3693 | D:5      | Your scales start taking on a lurid green colour.
  3693 | D:5      | Reached XP level 7. HP: 27/60 MP: 7/7
  3693 | D:5      | Gained mutation: Your system is resistant to poisons.
                  | (rPois) [Green Draconian growth]
  3696 | D:5      | Reached skill level 1 in Unarmed Combat
  4159 | D:6      | Reached skill level 5 in Fighting
  4270 | D:6      | Identified a scroll of acquirement
  4270 | D:6      | Acquired a manual of Spellcasting
  4654 | D:6      | Found a staircase to the Ecumenical Temple.
  4675 | D:6      | Reached skill level 7 in Ranged Weapons
  4675 | D:6      | Reached skill level 1 in Spellcasting
  4675 | D:6      | Reached XP level 8. HP: 67/68 MP: 9/9
  5227 | D:7      | Noticed Jeremiah
  5312 | D:7      | Killed Jeremiah
  5313 | D:7      | Reached skill level 8 in Ranged Weapons
  5342 | D:7      | Noticed Duvessa
  5347 | D:7      | Noticed Dowan
  5355 | D:7      | Killed Duvessa
  5364 | D:7      | Killed Dowan
  5365 | D:7      | Reached XP level 9. HP: 56/78 MP: 5/14
  5432 | D:7      | Learned a level 2 spell: Cigotuvi's Dreadful Rot
  5432 | D:7      | Gained mutation: You are sensitive to extremes of
                  | temperature. (rF-, rC-) [Ru sacrifice]
  5432 | D:7      | Reached ** piety under Ru
  5432 | D:7      | Reached *** piety under Ru
  5502 | D:7      | Noticed Joseph
  5524 | D:7      | Killed Joseph
  5525 | D:7      | Reached skill level 1 in Alchemy
  5957 | D:7      | Found an ornate altar of the Wu Jian Council.
  6127 | D:8      | a raiju changed into a meliai
  6127 | D:8      | Noticed a meliai (shapeshifter)
  6134 | D:8      | Killed a meliai
  6135 | D:8      | Reached skill level 9 in Ranged Weapons
  6135 | D:8      | Reached skill level 5 in Dodging
  6270 | D:8      | Found an opulent altar of Gozag.
  6327 | D:8      | Noticed a death yak
  6424 | D:8      | Found Uvutz's Antique Armour Emporium.
  6621 | D:8      | Noticed a death yak
  6636 | D:8      | Noticed a death yak
  6669 | D:8      | Found a staircase to the Lair.
  6683 | D:8      | Found a flagged portal.
  6692 | Bailey   | Entered a bailey
  6822 | Bailey   | Reached skill level 10 in Ranged Weapons
  6822 | Bailey   | Reached skill level 5 in Spellcasting
  7017 | Bailey   | Reached XP level 10. HP: 86/86 MP: 17/17
  7251 | Bailey   | Noticed a vault guard
  7251 | Bailey   | Noticed Prince Ribbit
  7290 | Bailey   | Killed Prince Ribbit
  7301 | Bailey   | Killed a vault guard
  7302 | Bailey   | Reached skill level 11 in Ranged Weapons
  7462 | Bailey   | Noticed a vault guard
  7496 | Bailey   | Killed a vault guard
  7497 | Bailey   | Reached skill level 12 in Ranged Weapons
  7804 | D:8      | Killed a death yak
  7805 | D:8      | Reached skill level 13 in Ranged Weapons
  7842 | D:8      | Killed a death yak
  7856 | Lair:1   | Entered Level 1 of the Lair of Beasts
  8093 | Lair:1   | Reached skill level 5 in Alchemy
  8093 | Lair:1   | Reached XP level 11. HP: 94/94 MP: 20/20
  8476 | Lair:1   | Noticed Urug
  8488 | Lair:1   | Reached skill level 14 in Ranged Weapons
  8516 | Lair:1   | Killed Urug
  8721 | Lair:1   | Gained mutation: You are clumsy. (Dex -2) [Ru sacrifice]
  9020 | Lair:1   | HP: 4/90 [death yak (15)]
  9021 | Lair:1   | Slain by a death yak

Illustrated notes

Levels and vault maps discovered:
D:1:      tarquinn_simple_flora_water_b, layout_loops_ring,
          basic_ecumenical_altar
D:2:      layout_loops_corners, kennysheep_generic_room_7
D:3:      layout_loops_cross, fedhas_altar_3, nicolae_overflow_two_pavilions
D:4:      layout_loops_ring, due_unseen_surprise
D:5:      layout_loops_ring
D:6:      layout_basic, minmay_temple_entry_butterflies
D:7:      layout_basic, nzn_wu_jian_contemplation, uniq_joseph, uniq_duvessa,
          uniq_jeremiah
D:8:      layout_rooms, grunt_gozag_breadcrumbs, dpeg_lair_monsters,
          enter_bailey_5, minmay_statues_item, nicolae_inconvenience_store,
          minmay_manual_monstrance
Lair:1:   lemuel_reptile_caves, layout_cave_pods, st_stairs_9,
          grunt_megastairs_2, uniq_urug

Skill      XL: |  1  2  3  4  5  6  7  8  9 10 11 |
---------------+----------------------------------+-----
Ranged Weapons | 4 5 6 7 8 10 13 14 | 14.6
Dodging        | 2 3 4 5 6 |  6.6
Stealth        | 1 2 |  2.5
Fighting       | 3 4 5 6 7 8 |  8.4
Unarmed Combat | 1 |  1.2
Spellcasting   | 1 3 5 6 8 |  8.0
Alchemy        | 3 5 |  5.7

Action                     |  1- 3 |  4- 6 |  7- 9 | 10-12 || total
---------------------------+-------+-------+-------+-------++-------
  Melee: Unarmed           |       |     5 |       |       ||     5
         Trident           |       |       |     4 |       ||     4
   Fire: Shortbow          |   118 |   130 |   320 |    64 ||   632
         Orcbow            |       |       |     5 |   275 ||   280
  Throw: Throwing net      |       |       |       |     1 ||     1
 Invoke: Sacrifice Arcana  |       |     1 |       |       ||     1
         Sacrifice Resista |       |       |     1 |       ||     1
         Draw Out Power    |       |       |       |     2 ||     2
         Sacrifice Purity  |       |       |       |     1 ||     1
Ability: Breathe Noxious F |       |       |    19 |    20 ||    39
    Use: Scroll            |     7 |     4 |     5 |     9 ||    25
         Potion            |       |     3 |     1 |     1 ||     5
 Armour: Skin              |    25 |    52 |    71 |    85 ||   233
  Dodge: Dodged            |    28 |    40 |    95 |    82 ||   245
